General information
- name: BNet
- type: Ladder team game (AT/RT)
- host: Battle.net
- saver: zon_net_mobile
map: Deadlock
- players: 8
- length: 13:16
- speed: Fast
- version: 1.24 W3XP
- replay type: Public
» download(112 KB)
Players
team 1 (winner)
Nomada (
red | 131 APM | 1737 actions | 13:15)
4 Mountain King
2 Storm Bolt
2 Bash
» actions
| Assign group hotkey | 38 | |
| Basic commands | 283 | |
| Build / train | 102 | |
| ESC pressed | 11 | |
| Enter build submenu | 21 | |
| Enter hero's abilities submenu | 4 | |
| Right click | 313 | |
| Select / deselect | 320 | |
| Select group hotkey | 576 | |
| Use ability | 69 | |
1737 total
» units
| Peasant | 46 | |
| Footman | 13 | |
| Spell Breaker | 3 | |
| Priest | 1 | |
63 total
» upgrades
| Defend | 1 | |
| Lumber Harvesting | 1 | |
| Priest Training | 1 | |
3 total
» buildings
| Altar of Kings | 1 | |
| Farm | 5 | |
| Barracks | 1 | |
| Scout Tower | 6 | |
| Arcane Tower | 2 | |
| Arcane Vault | 1 | |
| Lumber Mill | 1 | |
| Town Hall | 1 | |
| Keep | 3 | |
| Guard Tower | 1 | |
| Arcane Sanctum | 3 | |
| Castle | 2 | |
| Blacksmith | 1 | |
28 total
» build order
00:20 Altar of Kings
00:35 Farm
00:51 Barracks
01:12 Farm
01:42 Scout Tower
01:54 Farm
02:11 Arcane Tower
02:11 Arcane Tower
02:22 Farm
02:37 Arcane Vault
03:05 Farm
03:24 Lumber Mill
04:23 Town Hall
04:31 Keep
04:31 Keep
04:31 Keep
05:52 Scout Tower
06:31 Scout Tower
06:32 Scout Tower
06:43 Scout Tower
06:45 Scout Tower
07:34 Guard Tower
08:21 Arcane Sanctum
09:59 Arcane Sanctum
10:24 Arcane Sanctum
12:16 Castle
12:16 Castle
12:23 Blacksmith
» items
| Scroll of Regeneration | 4 | |
| Lesser Clarity Potion | 7 | |
| Potion of Mana | 1 | |
12 total
W1nteR. (
pink | 49 APM | 652 actions | 13:15)
4 Death Knight
2 Death Coil
2 Unholy Aura
2 Lich
1 Frost Nova
1 Frost Armor
» actions
| Assign group hotkey | 15 | |
| Basic commands | 42 | |
| Build / train | 36 | |
| Enter build submenu | 14 | |
| Enter hero's abilities submenu | 6 | |
| Right click | 127 | |
| Select / deselect | 149 | |
| Select group hotkey | 223 | |
| Use ability | 40 | |
652 total
» units
| Acolyte | 8 | |
| Ghoul | 3 | |
| Crypt Fiend | 8 | |
| Razormane Medicine Man | 1 | |
20 total
» upgrades
» buildings
| Ziggurat | 6 | |
| Crypt | 1 | |
| Graveyard | 1 | |
| Altar of Darkness | 1 | |
| Nerubian Tower | 1 | |
| Tomb of Relics | 1 | |
| Halls of the Dead | 1 | |
| Necropolis | 1 | |
| Black Citadel | 1 | |
| Sacrificial Pit | 1 | |
| Boneyard | 2 | |
17 total
» build order
00:15 Ziggurat
00:18 Crypt
00:47 Graveyard
01:12 Altar of Darkness
01:37 Ziggurat
01:39 Nerubian Tower
01:58 Tomb of Relics
04:19 Halls of the Dead
04:56 Ziggurat
05:35 Necropolis
06:37 Ziggurat
08:49 Black Citadel
09:41 Sacrificial Pit
09:45 Ziggurat
09:47 Ziggurat
12:11 Boneyard
12:12 Boneyard
» items
| Rod of Necromancy | 1 | |
| Scroll of Town Portal | 2 | |
3 total

»
zon_net_mobile (
orange | 35 APM | 459 actions | 13:16)
5 Tauren Chieftain
3 War Stomp
2 Endurance Aura
» actions
| Basic commands | 29 | |
| Build / train | 36 | |
| Enter build submenu | 15 | |
| Enter hero's abilities submenu | 5 | |
| Right click | 94 | |
| Select / deselect | 212 | |
| Use ability | 68 | |
459 total
» units
| Peon | 7 | |
| Grunt | 7 | |
| Raider | 3 | |
| Shaman | 3 | |
| Razormane Medicine Man | 1 | |
21 total
» upgrades
| Ensnare | 1 | |
| Shaman Training | 1 | |
| Berserker Strength | 1 | |
| Pillage | 1 | |
4 total
» buildings
| Altar of Storms | 1 | |
| Orc Burrow | 7 | |
| Barracks | 1 | |
| Voodoo Lounge | 1 | |
| Stronghold | 1 | |
| War Mill | 1 | |
| Spirit Lodge | 2 | |
| Beastiary | 2 | |
| Fortress | 1 | |
17 total
» build order
00:09 Altar of Storms
00:24 Orc Burrow
00:52 Barracks
01:34 Voodoo Lounge
01:46 Orc Burrow
02:57 Stronghold
04:16 Orc Burrow
04:50 War Mill
05:21 Spirit Lodge
05:28 Beastiary
06:11 Orc Burrow
06:14 Beastiary
06:23 Spirit Lodge
07:52 Orc Burrow
09:57 Orc Burrow
11:48 Orc Burrow
12:07 Fortress
» items
| Scroll of Town Portal | 2 | |
| Healing Salve | 1 | |
3 total
moresex (
blue | 143 APM | 1898 actions | 13:15)
6 Blademaster
2 Wind Walk
3 Critical Strike
1 Bladestorm
» actions
| Assign group hotkey | 65 | |
| Basic commands | 131 | |
| Build / train | 59 | |
| Enter build submenu | 12 | |
| Enter hero's abilities submenu | 6 | |
| Give item / drop item | 1 | |
| Right click | 457 | |
| Select / deselect | 383 | |
| Select group hotkey | 723 | |
| Use ability | 61 | |
1898 total
» units
» upgrades
| Liquid Fire | 1 | |
| Reinforced Defenses | 1 | |
| Armor | 1 | |
| Ranged Weapons | 1 | |
4 total
» buildings
| Altar of Storms | 1 | |
| Orc Burrow | 3 | |
| Voodoo Lounge | 1 | |
| Stronghold | 3 | |
| War Mill | 1 | |
| Beastiary | 2 | |
| Watch Tower | 1 | |
| Fortress | 1 | |
13 total
» build order
00:05 Altar of Storms
00:12 Orc Burrow
00:49 Voodoo Lounge
02:09 Stronghold
02:09 Stronghold
02:32 Orc Burrow
03:05 War Mill
04:12 Orc Burrow
04:31 Beastiary
04:34 Beastiary
04:56 Watch Tower
06:44 Fortress
» items
| Healing Salve | 1 | |
| Lesser Clarity Potion | 5 | |
| Scroll of Speed | 2 | |
| Circlet of Nobility | 2 | |
| Boots of Speed | 2 | |
| Potion of Healing | 3 | |
15 total
team 2 (loser)
schlurpi (
teal | 37 APM | 463 actions | 12:37)
2 Archmage
1 Blizzard
1 Brilliance Aura
1 Blood Mage
1 Flame Strike
» actions
| Build / train | 49 | |
| Enter build submenu | 17 | |
| Enter hero's abilities submenu | 3 | |
| Right click | 154 | |
| Select / deselect | 204 | |
| Use ability | 36 | |
463 total
» units
| Peasant | 22 | |
| Footman | 2 | |
| Rifleman | 5 | |
| Mortar Team | 6 | |
| Sorceress | 2 | |
| Priest | 2 | |
| Spell Breaker | 2 | |
41 total
» buildings
| Farm | 8 | |
| Altar of Kings | 1 | |
| Barracks | 1 | |
| Blacksmith | 1 | |
| Town Hall | 2 | |
| Keep | 1 | |
| Lumber Mill | 1 | |
| Arcane Vault | 1 | |
| Workshop | 3 | |
| Arcane Sanctum | 2 | |
| Scout Tower | 1 | |
22 total
» build order
00:10 Farm
00:16 Altar of Kings
00:27 Barracks
00:49 Farm
01:36 Farm
02:14 Farm
02:26 Blacksmith
03:36 Town Hall
05:22 Keep
07:35 Lumber Mill
07:38 Arcane Vault
07:57 Town Hall
08:05 Workshop
08:05 Workshop
08:07 Arcane Sanctum
08:09 Arcane Sanctum
08:18 Workshop
10:01 Farm
10:01 Farm
10:02 Farm
10:03 Farm
11:48 Scout Tower
» items
| Lesser Clarity Potion | 1 | |
| Scroll of Town Portal | 1 | |
2 total

»
muxyc (
purple | 75 APM | 990 actions | 13:14)
4 Pandaren Brewmaster
2 Drunken Haze
2 Breath of Fire
» actions
| Assign group hotkey | 34 | |
| Basic commands | 30 | |
| Build / train | 34 | |
| Enter build submenu | 12 | |
| Enter hero's abilities submenu | 4 | |
| Remove unit from queue | 2 | |
| Right click | 548 | |
| Select / deselect | 241 | |
| Select group hotkey | 51 | |
| Use ability | 34 | |
990 total
» units
» buildings
| Ancient of War | 1 | |
| Moon Well | 5 | |
| Altar of Elders | 4 | |
| Hunter's Hall | 1 | |
| Tree of Ages | 1 | |
| Tree of Eternity | 0 | |
12 total
» build order
00:09 Ancient of War
00:21 Moon Well
01:31 Altar of Elders
01:45 Moon Well
02:52 Moon Well
04:51 Moon Well
05:59 Hunter's Hall
06:00 Tree of Ages
07:59 Moon Well
08:21 Tree of Eternity
11:25 Altar of Elders
12:10 Altar of Elders
12:40 Altar of Elders
ysk1402 (
yellow | 75 APM | 960 actions | 12:50)
3 Archmage
2 Blizzard
1 Brilliance Aura
» actions
| Basic commands | 135 | |
| Build / train | 79 | |
| Enter build submenu | 21 | |
| Enter hero's abilities submenu | 3 | |
| Right click | 452 | |
| Select / deselect | 213 | |
| Use ability | 57 | |
960 total
» units
| Peasant | 15 | |
| Footman | 9 | |
| Knight | 2 | |
| Priest | 2 | |
28 total
» upgrades
| Masonry | 1 | |
| Defend | 1 | |
| Lumber Harvesting | 1 | |
| Plating | 1 | |
4 total
» buildings
| Altar of Kings | 1 | |
| Barracks | 2 | |
| Farm | 7 | |
| Lumber Mill | 1 | |
| Scout Tower | 5 | |
| Arcane Tower | 7 | |
| Arcane Vault | 1 | |
| Keep | 6 | |
| Blacksmith | 1 | |
| Castle | 6 | |
| Town Hall | 1 | |
| Arcane Sanctum | 1 | |
39 total
» build order
00:24 Altar of Kings
00:41 Barracks
00:59 Farm
01:13 Lumber Mill
01:39 Farm
01:49 Scout Tower
02:15 Farm
02:18 Arcane Tower
02:25 Scout Tower
03:05 Arcane Tower
03:05 Arcane Tower
03:20 Scout Tower
03:29 Scout Tower
03:53 Scout Tower
04:00 Arcane Tower
04:14 Barracks
04:25 Arcane Tower
04:25 Arcane Tower
04:43 Arcane Vault
04:57 Farm
06:05 Farm
06:32 Keep
06:32 Keep
06:32 Keep
06:32 Keep
07:29 Farm
08:06 Blacksmith
08:12 Farm
08:58 Castle
08:58 Castle
08:59 Castle
09:56 Town Hall
10:26 Arcane Sanctum
» items
| Lesser Clarity Potion | 2 | |
| Scroll of Regeneration | 6 | |
8 total

»
zZ_Alfa (
green | 37 APM | 487 actions | 13:11)
1 Priestess of the Moon
1 Searing Arrows
1 Keeper of the Grove
1 Entangling Roots
» actions
| Assign group hotkey | 7 | |
| Build / train | 36 | |
| Enter build submenu | 14 | |
| Enter hero's abilities submenu | 2 | |
| Remove unit from queue | 2 | |
| Right click | 164 | |
| Select / deselect | 213 | |
| Select group hotkey | 21 | |
| Use ability | 28 | |
487 total
» units
| Wisp | 11 | |
| Archer | 7 | |
| Huntress | 2 | |
| Hippogryph | 2 | |
| Chimaera | 5 | |
27 total
» upgrades
» buildings
| Altar of Elders | 1 | |
| Moon Well | 8 | |
| Ancient of War | 1 | |
| Tree of Ages | 1 | |
| Hunter's Hall | 1 | |
| Tree of Eternity | 1 | |
| Ancient of Wind | 1 | |
| Chimaera Roost | 2 | |
16 total
» build order
00:10 Altar of Elders
00:14 Moon Well
00:52 Ancient of War
01:30 Moon Well
02:36 Tree of Ages
04:22 Moon Well
04:24 Moon Well
04:28 Hunter's Hall
06:12 Moon Well
06:13 Tree of Eternity
06:16 Ancient of Wind
08:54 Chimaera Roost
08:54 Chimaera Roost
10:27 Moon Well
10:29 Moon Well
11:25 Moon Well
Chat log
(00:08 / Allies) W1nteR.: hi
(00:09 / Allies) W1nteR.: 100g?
(00:12 / Allies) Nomada: hi
(00:16 / Allies) zon_net_mobile: hi
(00:20 / Allies) zon_net_mobile: 500 gold?
(00:29 / Allies) zon_net_mobile: hmm
(00:30 / Allies) zon_net_mobile: hi
(00:32 / Allies) zon_net_mobile: win?
(00:36 / Allies) W1nteR.: mb
(00:37 / Allies) Nomada: ofc
(00:41 / Allies) zon_net_mobile: ok
(00:42 / Allies) zon_net_mobile: lol
(00:53 / Allies) Nomada: units ?
(00:58 / Allies) zon_net_mobile: victory units
(01:00 / Allies) W1nteR.: spid ffrosty
(01:07 / Allies) Nomada: blue ?
(01:20 / Allies) moresex: bats
(01:24 / Allies) Nomada: omggggggggggg
(01:27 / Allies) Nomada: this suxxxxxxxxx
(01:28 / Allies) W1nteR.: ))
(01:32 / Allies) W1nteR.: ty
(01:33 / Allies) moresex: ?
(01:42 / Allies) moresex: will see
(02:01 / Allies) zon_net_mobile: ready to werk!
(02:06 / Allies) zon_net_mobile: i need more gold
(02:24 / Allies) zon_net_mobile: i have an AXE to blind
(02:46 / Allies) zon_net_mobile: my wife is a whore
(02:52 / Allies) W1nteR.: get this point blue
(05:49 / Allies) moresex: tp noonbs
(06:59 / Allies) W1nteR.: omw red
(08:31 / Allies) moresex: all
(08:35 / Allies) W1nteR.: omw
(09:16 / Allies) moresex: lol
(09:28 / Allies) Nomada: gg
(09:31 / Allies) Nomada: gogogog
(09:50 / Allies) Nomada: orange come
(10:10 / Allies) Nomada: comeeeeeeeeeeeeeeeee
(10:11 / Allies) zon_net_mobile: ?
(10:12 / Allies) zon_net_mobile: ok
(10:24 / Allies) moresex: n12
(11:09 / All) schlurpi: WTF
(12:26 / All) schlurpi: SUC A RETARD TEAM
(12:31 / All) schlurpi: YELLOW STOP PLAYING Wc3